AoeStats
← NuMa | Gacha

Nomad

507364846Analyzed
4v4 RM · 16d ago on Sep 17, 2026· 53m 45s· 8 players
Game mode
Random Map
Map size
231×231
Population
200
Speed
Normal
Resources
Standard
Victory
Conquest
Starting age
Dark Age
Ending age
Imperial Age
RankedLock teamsTeams togetherTeam positionsShared explorationLock speedFull tech treeHidden civsTurbo modeCheats
Victory
Defeat
🇪🇸 Celts · Spain
1158
+14
🇸🇰 Maya · Slovakia
1108
+16
🇦🇷 Huns · Argentina
1108
+16
🇩🇪 Japanese · Germany
1103
+16
🇨🇴 Persians · Colombia
1231
-19
🇨🇦 Vietnamese · Canada
1176
-18
🇨🇴 Italians · Colombia
1108
-16
🇨🇴 Huns · Colombia
939
-9
msmatossms
9:23 Loom
15:08 Feudal Age
20:45 Castle Age
18:53 Double-Bit Axe
19:30 Town Watch
21:17 Wheelbarrow
21:44 Bow Saw
22:48 Fishing Lines
28:40 Imperial Age
26:24 Fletching
26:35 Padded Archer Armor
26:58 Town Watch
27:02 Crossbowman
29:11 Thumb Ring
30:11 Bodkin Arrow
32:08 Hul'che Javelineers
31:54 Elite Skirmisher
33:36 Scale Mail Armor
33:55 Leather Archer Armor
34:45 Ballistics
36:30 Chemistry
38:17 Conscription
40:39 Hand Cart
40:25 Town Patrol
42:46 Bracer
43:17 Ring Archer Armor
44:55 Arbalester
52:48 Treadmill Crane
53:03 Murder Holes
53:19 Fortified Wall
xXTOUROXx
3:54 Loom
17:50 Feudal Age
18:30 Town Watch
20:01 Fishing Lines
22:49 Castle Age
21:49 Stone Mining
21:50 Double-Bit Axe
30:52 Imperial Age
29:29 Scale Mail Armor
29:25 Gold Mining
33:57 Gold Shaft Mining
33:42 Chain Mail Armor
35:17 Plate Mail Armor
36:32 Forging
39:01 Iron Casting
39:43 Conscription
41:21 Blast Furnace
42:35 Elite Samurai
46:02 Wheelbarrow
50:16 Bow Saw
50:12 Gillnets
53:51 Hand Cart
53:27 Horse Collar
ERRATI
3:23 Loom
13:42 Feudal Age
19:20 Town Watch
21:53 Castle Age
19:52 Double-Bit Axe
24:38 Scale Mail Armor
37:30 Horse Collar
43:24 Wheelbarrow
42:50 Town Patrol
45:29 Forging
47:46 Iron Casting
47:57 Hand Cart
51:18 Imperial Age
50:39 Heavy Plow
50:57 Bow Saw
52:09 Chain Mail Armor
52:47 Gold Mining
The Goat
4:42 Loom
14:18 Feudal Age
19:48 Castle Age
17:48 Fletching
18:56 Double-Bit Axe
18:56 Horse Collar
20:31 Bodkin Arrow
20:36 Padded Archer Armor
29:33 Padded Archer Armor
34:54 Thumb Ring
37:33 Heavy Plow
39:35 Bloodlines
39:26 Husbandry
40:00 Bow Saw
40:40 Wheelbarrow
41:46 Marauders
45:39 Imperial Age
44:37 Scale Barding Armor
44:43 Forging
44:36 Husbandry
44:47 Bloodlines
45:58 Chain Barding Armor
47:13 Conscription
46:21 Elite Tarkan
47:44 Plate Barding Armor
47:06 Light Cavalry
48:41 Iron Casting
50:50 Blast Furnace
52:05 Hussar
NuMa | Gacha
4:43 Loom
15:37 Feudal Age
20:37 Castle Age
18:34 Double-Bit Axe
19:45 Stone Mining
19:48 Fletching
20:26 Padded Archer Armor
21:51 Bow Saw
23:04 Bodkin Arrow
23:02 Crossbowman
30:26 Wheelbarrow
33:19 Hand Cart
34:08 Gold Mining
34:39 Leather Archer Armor
40:20 Thumb Ring
NuMa | Jomaro
4:46 Loom
14:10 Feudal Age
21:43 Castle Age
20:20 Scale Barding Armor
21:05 Gold Mining
22:38 Bloodlines
22:29 Husbandry
29:50 Fishing Lines
34:44 Forging
35:02 Double-Bit Axe
36:06 Bow Saw
46:44 Wheelbarrow
47:59 Hand Cart
50:00 Gold Shaft Mining
49:19 Stone Mining
52:28 Imperial Age
50:56 Stone Shaft Mining
50:04 Horse Collar
50:11 Town Watch
52:51 Chain Barding Armor
52:42 Forging
52:46 Heavy Camel Rider
winter991
5:15 Loom
15:43 Feudal Age
17:38 Town Watch
20:29 Castle Age
18:23 Double-Bit Axe
18:21 Horse Collar
20:01 Forging
19:57 Scale Barding Armor
20:29 Fishing Lines
21:19 Fletching
21:30 Padded Archer Armor
21:23 Elite Skirmisher
23:39 Bodkin Arrow
31:28 Leather Archer Armor
32:59 Husbandry
Burgoman2
4:27 Loom
15:19 Feudal Age
19:28 Castle Age
17:45 Double-Bit Axe
17:56 Gold Mining
17:58 Stone Mining
20:34 Fishing Lines
20:59 Fletching
21:25 Bow Saw
24:19 Gillnets
30:31 Bodkin Arrow
34:40 Padded Archer Armor
35:38 Wheelbarrow
36:23 Leather Archer Armor
37:53 Hand Cart
38:22 Ballistics
41:57 Imperial Age
41:21 Squires
43:51 Chemistry
43:37 Bracer
45:26 Paper Money
44:56 Elite Fire Lancer
45:45 Horse Collar
46:20 Town Watch
46:27 Elite Rattan Archer
48:22 Ring Archer Armor
49:49 Scale Mail Armor
50:13 Murder Holes
51:42 Two-Man Saw
50:43 Heavy Plow
51:19 Town Patrol
Connection lost

Rejoining the realm…

Still unreachable

The connection could not be restored.

Session expired

The server has moved on; the page needs a fresh start.